 Dungeon Crawl Stone Soup version 0.30.0-13-g156ef70053 (webtiles) character file.

Game seed: 2613587727982471940

134 workbot the Chopper (level 4, 0/58 HPs)
             Began as a Minotaur Berserker on May 17, 2023.
             Was a Believer of Trog.
             Slain by a gnoll bouda
             ... wielding a +0 club
              (2 damage)
             ... on level 4 of the Dungeon.
             The game lasted 00:04:39 (2486 turns).

workbot the Chopper (Minotaur Berserker)            Turns: 2486, Time: 00:04:40

Health: 0/58       AC:  5    Str: 23    XL:     4   Next: 95%
Magic:  3/3        EV: 11    Int:  4    God:    Trog [**....]
Gold:   118        SH:  0    Dex: 10    Spells: 3/3 levels left

rFire   . . .        o - +0 war axe
rCold   + . .        (no shield)
rNeg    . . .        j - +0 ring mail
rPois   .            (helmet restricted)
rElec   .            (no cloak)
rCorr   .            (no gloves)
SInv    .            (no boots)
Will    .....        (no amulet) Stlth
                     d - ring of protection from cold
HPRegen 0.29/turn    (no ring)
MPRegen 0.08/turn

%: no passive effects
@: berserking, weakened, very quick
A: horns 2, retaliatory headbutt
a: Renounce Religion, Berserk, Trog's Hand


You were on level 4 of the Dungeon.
You worshipped Trog.
Trog was pleased with you.
You visited 1 branch of the dungeon, and saw 4 of its levels.

You collected 118 gold pieces.

Inventory:

Hand Weapons
 k - a +2 long sword of flaming
 o - a +0 war axe (weapon)
Armour
 j - a +0 ring mail (worn)
Jewellery
 d - a ring of protection from cold (left hand)
Scrolls
 g - 2 scrolls of immolation {unknown}
 i - a scroll of poison {unknown}
 l - a scroll of fear {unknown}
 m - 3 scrolls of identify {unknown}
 n - a scroll of teleportation {unknown}
Potions
 b - a potion of mutation {unknown}
 c - 2 potions of curing
 e - a potion of might {unknown}
 f - a potion of cancellation {unknown}
 h - a potion of flight {unknown}


   Skills:
 - Level 3.6 Fighting
 + Level 6.9 Axes
 - Level 2.4 Armour
 - Level 2.1 Dodging


You had 3 spell levels left.
You didn't know any spells.
Your spell library was empty.

Dungeon Overview and Level Annotations

Branches:
Dungeon (4/15)
 Temple: D:4-7

Altars:
Trog
The Shining One

Shops:
D:1 ?


Innate Abilities, Weirdness & Mutations

You have a pair of horns on your head.
You reflexively headbutt those who attack you in melee.


Message History

You closely miss the gnoll.
A gnoll comes into view. It is wielding a +0 spear.
The gnoll hits you with a +0 spear. x2; The gnoll misses you.
You barely miss the gnoll.
The gnoll hits you from afar with a +0 spear.
The gnoll hits you with a +0 spear!
You are too injured to fight recklessly!
You are too injured to fight recklessly!
It was a potion of curing.
You feel better. The gnoll closely misses you.
The gnoll hits you from afar with a +0 spear.
A red film seems to cover your vision as you go berserk!
You feel yourself moving faster!
You feel mighty! The gnoll closely misses you.
The gnoll hits you with a +0 spear.
* * * LOW HITPOINT WARNING * * *
You slice the gnoll!!
You kill the gnoll!
Trog accepts your kill. The gnoll hits you but does no damage.
You closely miss the gnoll. You headbutt the gnoll.
The gnoll is heavily wounded.
You slash the gnoll!
You feel the power of Trog in you as your rage grows.
You kill the gnoll!
Trog accepts your kill. The gnoll hits you but does no damage.
A gnoll bouda comes into view. It is wielding a +0 club.
The gnoll hits you with a +0 spear.
* * * LOW HITPOINT WARNING * * *
Things that are here:
a +0 whip; a +0 spear; a gnoll corpse You slash the dart slug!
You kill the dart slug!
Trog accepts your kill.
You slash the gnoll! The gnoll hits you with a +0 spear!
* * * LOW HITPOINT WARNING * * *
The gnoll bouda gazes fiercely through you!
You feel your attacks grow feeble.
The gnoll bouda hits you with a +0 club.
You die...

#.. ...# ##..#####.#
##..#....#.#
##........#.#
..........#.#
#.......#.#
#...†...#.#
#.......#.######
..#......##...))@#
.......<....####gg..#
..#....###### #.##.#
. ####.. ..# # ###
###


You could see a gnoll bouda and a gnoll.

Vanquished Creatures
  3 gnolls (D:4)
  4 adders
  3 dart slugs
  7 orcs (D:3)
  4 bats
  An endoplasm (D:4)
  2 giant cockroaches
  4 goblins (D:2)
  7 hobgoblins
  3 kobolds (D:1)
  4 quokkas (D:2)
  3 ball pythons (D:3)
  6 frilled lizards
  5 rats
56 creatures vanquished.

Notes
Turn   | Place    | Note
-------+----------+-------------------------------------------
     0 | D:1      | workbot the Minotaur Berserker began the quest for the Orb.
     0 | D:1      | Reached XP level 1. HP: 19/19 MP: 0/0
   179 | D:1      | Reached skill level 4 in Axes
   290 | D:1      | Reached XP level 2. HP: 26/26 MP: 1/1
   461 | D:1      | Found Ymifeyrr's Magic Scroll Emporium.
   917 | D:2      | Reached skill level 5 in Axes
   983 | D:2      | Reached XP level 3. HP: 31/31 MP: 2/2
  1626 | D:3      | Reached ** piety under Trog
  1642 | D:3      | Reached skill level 6 in Axes
  1642 | D:3      | Reached XP level 4. HP: 37/39 MP: 3/3
  1999 | D:3      | Found a glowing golden altar of the Shining One.
  2037 | D:3      | Found a bloodstained altar of Trog.
  2366 | D:3      | Found a faded altar of an unknown god.
  2486 | D:4      | HP: 2/58 [gnoll/+0 spear[a gnoll bouda] (7)]
  2486 | D:4      | Slain by a gnoll bouda

Illustrated notes

Levels and vault maps discovered:
D:1:      dpeg_arrival_chambers_temple_mockup, layout_basic, serial_shops, shop
D:2:      layout_loops_ring, minmay_heptomino_d4
D:3:      layout_basic, mainiacjoe_overflow_two_lobes,
          shapermc_ecumenical_altar_flowoftime
D:4:      minmay_skewed_foursquare, layout_cave_pools, kennysheep_mini,
          serial_co_window_serial, co_window_paths_b, co_window_corner_a,
          co_window_paths_b, co_window_of_opportunity_a, co_window_paths_a,
          co_window_broadway_c, co_window_of_opportunity_c,
          co_window_broadway_c, co_window_broadway_b, co_window_paths_c,
          co_window_paths_d, hangedman_abyss_or_decor_passed, uniq_grinder,
          uniq_edmund, uniq_ijyb, uniq_menkaure, uniq_natasha

Skill      XL: |  1  2  3 |
---------------+----------+-----
Axes           | 4 5 6 |  6.9
Fighting       | |  3.6
Armour         | |  2.4
Dodging        | |  2.1

Action                     |  1- 3 |  4- 6 || total
---------------------------+-------+-------++-------
  Melee: Hand axe          |    77 |    19 ||    96
         Headbutt          |     7 |     5 ||    12
         Punch             |     2 |       ||     2
         War axe           |       |    12 ||    12
 Invoke: Berserk           |       |     1 ||     1
    Use: Potion            |       |     1 ||     1
 Armour: Leather armour    |    14 |       ||    14
         Ring mail         |     3 |     7 ||    10
  Dodge: Dodged            |    41 |     9 ||    50
